 Dungeon Crawl Stone Soup version 0.18.0-2-g198d6d4 (webtiles) character file.

1428 Northaan the Digger (level 8, 0/44 HPs)
             Began as a Gargoyle Earth Elementalist on May 5, 2016.
             Was an Initiate of Vehumet.
             Slain by an orc warrior
             ... wielding a +0 dire flail
              (21 damage)
             ... on level 4 of the Dungeon.
             The game lasted 00:17:14 (7130 turns).

Northaan the Digger (Gargoyle Earth Elementalist)   Turns: 7130, Time: 00:17:15

Health: 0/44       AC: 13    Str: 13    XL:     8   Next: 72%
Magic:  13/17      EV: 12    Int: 17    God:    Vehumet [......]
Gold:   234        SH:  0    Dex: 13    Spells: 2 memorised, 16 levels left

rFire  . . .     SeeInvis .     o - +0 whip
rCold  + . .     Gourm    .     a - +0 robe
rNeg   + . .     Faith    .     (no shield)
rPois  ∞         Spirit   .     r - +2 hat
rElec  +         Dismiss  .     k - +2 cloak
rCorr  .         Reflect  .     K - +0 pair of gloves
SustAt .         Harm     .     (no boots)
MR     .....                    x - amulet of regeneration
Stlth  ++........               y - ring of protection from cold
                                t - +3 ring of dexterity

@: not resistant to hostile enchantments, unstealthy
A: mutation resistance 1, negative energy resistance 1, screaming 1, electricity
resistance, unbreathing, petrification resistance, rot immunity, AC +5
a: Renounce Religion


You were on level 4 of the Dungeon.
You worshipped Vehumet.
Vehumet was noncommittal.
You were not hungry.

You visited 2 branches of the dungeon, and saw 7 of its levels.

You collected 248 gold pieces.
You spent 14 gold pieces at shops.

Inventory:

Hand Weapons
 f - a +0 dagger
 g - a +0 club
 o - a +0 whip (weapon)
Missiles
 b - 170 stones (quivered)
Armour
 a - a +0 robe (worn)
 k - a +2 cloak (worn)
 r - a +2 hat (worn)
 E - a +0 cloak
 K - a +0 pair of gloves (worn)
Magical Staves
 H - an uncursed staff of air
Jewellery
 l - an uncursed amulet of dismissal
 t - a +3 ring of dexterity (left hand)
 x - an amulet of regeneration (around neck)
 y - a ring of protection from cold (right hand)
Wands
 C - a wand of lightning (8/15)
Scrolls
 h - 3 scrolls of fear
 i - 2 scrolls of amnesia {unknown}
 m - a scroll of enchant armour {unknown}
 n - 2 scrolls of teleportation
 q - 2 scrolls of identify
 s - a scroll of enchant weapon {unknown}
 F - a scroll of remove curse {unknown}
Potions
 e - a potion of flight {unknown}
 p - 3 potions of agility {unknown}
 v - a potion of beneficial mutation {unknown}
 w - a potion of mutation
 A - a potion of degeneration
 B - 2 potions of curing {unknown}
 J - a potion of brilliance {unknown}
Books
 c - a book of Geomancy

   Spells                             Type                      Level
   a - Sandblast                      Earth                        1
   b - Passwall                       Transmutation/Earth          2
   c - Stone Arrow                    Conjuration/Earth            3
   d - Petrify                        Transmutation/Earth          4
   e - Lee's Rapid Deconstruction     Earth                        5
 u - a book of Power

   Spells                             Type                      Level
   a - Fulminant Prism                Conjuration/Hexes            4
   b - Iskenderun's Mystic Blast      Conjuration                  4
   c - Venom Bolt                     Conjuration/Poison           5
   d - Bolt of Magma                  Conjuration/Fire/Earth       5
   e - Iron Shot                      Conjuration/Earth            6
   f - Orb of Destruction             Conjuration                  7
   g - Spellforged Servitor           Conjuration/Summoning        7
 G - a book of Battle

   Spells                             Type                      Level
   a - Infusion                       Charms                       1
   b - Shroud of Golubria             Charms/Translocation         2
   c - Song of Slaying                Charms                       2
   d - Spectral Weapon                Hexes/Charms                 3
   e - Regeneration                   Charms/Necromancy            3
Comestibles
 d - 5 bread rations
 j - a slice of pizza
 z - a beef jerky
 D - a meat ration


   Skills:
 + Level 1.9 Fighting
 + Level 1.3 Maces & Flails
 + Level 2.0 Armour
 + Level 2.5 Dodging
 - Level 2.1 Stealth
 * Level 6.5 Spellcasting
 * Level 4.8 Conjurations
   Level 0.7 Transmutations
 + Level 6.8 Earth Magic


You had 16 spell levels left.
You knew the following spells:

 Your Spells              Type           Power        Failure   Level  Hunger
a - Sandblast             Erth           ####..       1%          1    None
b - Stone Arrow           Conj/Erth      ####..       4%          3    ##.....


Dungeon Overview and Level Annotations

Branches:
Dungeon (6/15)             Temple (1/1) D:5

Altars:
Ashenzari
Cheibriados
Dithmenos
Elyvilon
Fedhas
Gozag
Kikubaaqudgha
Makhleb
Nemelex Xobeh
Okawaru
Pakellas
Qazlal
Sif Muna
Vehumet
Xom
The Shining One

Shops:
D:5 !


Innate Abilities, Weirdness & Mutations

You are resistant to torment.
Your stone body is resilient (AC +5).
You are immune to poison.
You resist negative energy.
You are resistant to electric shocks.
You can survive without breathing.
You are immune to petrification.
You are immune to rotting.
You are somewhat resistant to further mutation.
You occasionally shout uncontrollably at your foes.


Message History

Press: ? - help, Shift-Dir - straight line, f/p - orc warrior
Aim: an orc warrior, wielding a dire flail and wearing a chain mail The blast of sand misses the orc warrior.
The orc warrior hits you with a dire flail!
Casting: Sandblast
Confirm with . or Enter, or press ? or * to list all spells.
Aiming: Sandblast
Press: ? - help, Shift-Dir - straight line, f/p - orc warrior
Aim: an orc warrior, wielding a dire flail and wearing a chain mail The blast of sand misses the orc warrior.
The orc warrior hits you but does no damage.
Casting: Sandblast
Confirm with . or Enter, or press ? or * to list all spells.
Aiming: Sandblast
Press: ? - help, Shift-Dir - straight line, f/p - orc warrior
Aim: an orc warrior, wielding a dire flail and wearing a chain mail The blast of sand hits the orc warrior.
The orc warrior is lightly wounded.
The orc warrior hits you with a dire flail!!
You die...

######.......#.............#
##...##..##..##.............#
#....##..##..##...###..##..##
#.........#..##...###..#####
#.........#..#..........#
##...##..##..##.........#
##############.........#
#..##...###..########
#..##@..###..##.>...##
#..##o....#..........#
##..##.....#..........#
#.......(..#..........#
#...)......#..........#
#######################


You could see an orc warrior.

Vanquished Creatures
  Grinder (D:4)
  A sky beast (D:5)
  2 phantoms (D:4)
  A giant frog (D:4)
  2 scorpions
  2 vampire bats (D:4)
  A howler monkey (D:5)
  4 hounds
  2 jellies
  A gnoll shaman (D:3)
  An orc priest (D:6)
  3 orc wizards
  A giant frog skeleton (D:5)
  3 worker ants (D:4)
  Natasha (D:3)
  An iguana (D:4)
  Robin (D:3)
  5 gnolls
  3 adders (D:4)
  An ooze (D:5)
  3 worms
  2 dart slugs
  7 giant geckos
  17 orcs
  4 bat skeletons (D:4)
  A bat zombie (D:4)
  5 giant cockroaches
  15 goblins
  13 hobgoblins
  6 jackals
  6 kobolds
  A quokka (D:2)
  3 bats
  A giant gecko skeleton (D:4)
  3 giant newts
  4 rats
128 creatures vanquished.

Vanquished Creatures (others)
  A hydra (D:5)
1 creature vanquished.

Grand Total: 129 creatures vanquished

Notes
Turn   | Place    | Note
--------------------------------------------------------------
     0 | D:1      | Northaan the Gargoyle Earth Elementalist began the quest for the Orb.
     0 | D:1      | Reached XP level 1. HP: 10/10 MP: 3/3
   443 | D:1      | Reached XP level 2. HP: 15/15 MP: 5/5
  1726 | D:1      | Reached XP level 3. HP: 19/19 MP: 7/7
  2393 | D:2      | Found a shadowy altar of Dithmenos.
  2471 | D:2      | Learned a level 3 spell: Stone Arrow
  2980 | D:2      | Found a faded altar to an unknown god.
  3154 | D:3      | Reached XP level 4. HP: 24/24 MP: 1/8
  3231 | D:3      | Noticed Robin
  3413 | D:3      | Killed Robin
  3833 | D:3      | Noticed Natasha
  3856 | D:3      | Killed Natasha
  3856 | D:3      | Reached XP level 5. HP: 28/28 MP: 4/11
  4086 | D:4      | Noticed a phantom
  4112 | D:4      | Killed a phantom
  4112 | D:4      | Reached skill level 5 in Earth Magic
  4112 | D:4      | Reached XP level 6. HP: 32/32 MP: 2/12
  4335 | D:4      | Found an iron altar of Okawaru.
  4365 | D:4      | Reached skill level 5 in Spellcasting
  4438 | D:4      | Noticed Grinder
  4443 | D:4      | Paralysed by Grinder for 3 turns
  4446 | D:4      | Noticed a phantom
  4527 | D:4      | Reached skill level 1 in Conjurations
  4639 | D:4      | Paralysed by Grinder for 5 turns
  4650 | D:4      | Paralysed by Grinder for 6 turns
  4672 | D:4      | Killed Grinder
  4672 | D:4      | Reached XP level 7. HP: 26/36 MP: 9/15
  5157 | D:3      | Gained mutation: You occasionally shout uncontrollably at your foes. [potion of mutation]
  5157 | D:3      | Gained mutation: You are somewhat resistant to further mutation. [potion of mutation]
  5342 | D:4      | Found an ancient bone altar of Kikubaaqudgha.
  5370 | D:4      | Reached XP level 8. HP: 31/42 MP: 17/17
  5525 | D:4      | Reached skill level 1 in Fighting
  5627 | D:5      | Entered Level 5 of the Dungeon
  5634 | D:5      | Found an oddly glowing altar of Pakellas.
  5635 | D:5      | Noticed a seven-headed hydra
  5644 | D:5      | Killed a seven-headed hydra
  5667 | D:5      | Found Vaifaosm's Distillery.
  5675 | D:5      | Bought a potion of degeneration for 14 gold pieces
  5710 | D:5      | Reached skill level 1 in Maces & Flails
  5996 | D:5      | Found a staircase to the Ecumenical Temple.
  6004 | Temple   | Entered the Ecumenical Temple
  6062 | Temple   | Became a worshipper of Vehumet
  6085 | D:5      | Reached skill level 1 in Armour
  6711 | D:6      | Found an oddly glowing altar of Pakellas.
  7130 | D:4      | Slain by an orc warrior

Skill      XL: |  1  2  3  4  5  6  7  8 |
---------------+-------------------------+-----
Earth Magic    | 4 5 6 |  6.8
Spellcasting   | 3 4 5 6 |  6.5
Conjurations   | 2 3 4 |  4.8
Dodging        | 2 |  2.5
Fighting       | 1 |  1.9
Maces & Flails | 1 |  1.3
Armour         | 2 |  2.0
Stealth        | |  2.1
Transmutations | |  0.7

Action                   |  1- 3 |  4- 6 |  7- 9 || total
-------------------------+-------+-------+-------++-------
Melee: Unarmed           |    17 |       |       ||    17
       Club              |   122 |       |       ||   122
       Whip              |    43 |   122 |   276 ||   441
 Cast: Sandblast         |    22 |    74 |   106 ||   202
       Stone Arrow       |       |     1 |    18 ||    19
  Use: Potion            |       |       |     1 ||     1
       Scroll            |       |       |     3 ||     3
 Stab: Sleeping          |     3 |       |     1 ||     4
  Eat: Chunk             |     7 |     5 |     9 ||    21
Armor: Robe              |    68 |   105 |   256 ||   429
Dodge: Dodged            |   146 |   134 |   305 ||   585
